 Dungeon Crawl Stone Soup version 0.29-a0-819-g94b489e (webtiles) character file.

Game seed: 9917967721983544610

765 Illumine the Chopper (level 8, -7/70 HPs)
             Began as a Meteoran Fighter on July 6, 2022.
             Shot with a bolt by an orc warrior (22 damage)
             ... on level 5 of the Dungeon.
             The game lasted 00:02:35 (1806 turns).

Illumine the Chopper (Meteoran Fighter)             Turns: 1806, Time: 00:02:36

Health: -7/70      AC: 11    Str: 19    XL:     8   Next: 30%
Magic:  9/9        EV:  9    Int: 10    God:
Gold:   135        SH:  5    Dex: 14    Spells: 7/7 levels left

rFire   . . .      SeeInvis .   a - +0 war axe
rCold   . . .      Faith    .   c - +0 buckler
rNeg    . . .      Spirit   .   b - +0 scale mail
rPois   .          Reflect  .   (no helmet)
rElec   .          Harm     .   (no cloak)
rCorr   .          Rampage  .   (no gloves)
Will    +....                   (no boots)
Stlth   ..........              (no amulet)
HPRegen 0.21/turn               l - +4 ring of protection
MPRegen 0.11/turn               (no ring)

@: mighty, glowing
A: sense surroundings 1, otherworldly, glowing, explore regen
a: no special abilities


You were on level 5 of the Dungeon.
You visited 1 branch of the dungeon, and saw 5 of its levels.

You collected 135 gold pieces.

Inventory:

Hand Weapons
 a - a +0 war axe (weapon)
Armour
 b - a +0 scale mail (worn)
 c - a +0 buckler (worn)
Jewellery
 l - a +4 ring of protection (left hand)
 p - a ring of resist corrosion
Wands
 r - a wand of acid (8)
Scrolls
 f - a scroll of enchant weapon {unknown}
 h - 3 scrolls of fog {unknown}
 i - a scroll of vulnerability {unknown}
 j - a scroll of immolation {unknown}
 m - a scroll of identify {unknown}
 s - a scroll of magic mapping {unknown}
Potions
 e - 2 potions of resistance {unknown}
 g - a potion of flight {unknown}
 k - 2 potions of cancellation {unknown}
 n - 2 potions of invisibility {unknown}
 o - a potion of curing {unknown}
 q - a potion of heal wounds {unknown}


   Skills:
 + Level 5.7 Fighting
 * Level 7.5 Axes
 + Level 5.9 Armour
 - Level 4.0 Shields


You had 7 spell levels left.
You didn't know any spells.
Your spell library contained the following spells:

 Spells                   Type           Power      Damage    Failure   Level
 Slow                     Hex            0%         N/A       80%         1
 Ozocubu's Armour         Ice            0%         N/A       99%         3
 Summon Guardian Golem    Hex/Summ       0%         N/A       99%         3
 Metabolic Englaciation   Hex/Ice        0%         N/A       100%        5
 Malign Gateway           Summ/Tloc      0%         N/A       100%        7
 Summon Horrible Things   Summ           0%         N/A       100%        8


Dungeon Overview and Level Annotations

Branches:
Dungeon (5/15) Zot: 1110
 Temple: D:4-7

Altars:
Nemelex Xobeh

Shops:
D:1 (**   D:5 [


Innate Abilities, Weirdness & Mutations

You passively map a small area around you.
You are easily found by Zot.
You glow in the dark.
You regain HP and MP as you explore.


Message History

You kill the orc!
An orc comes into view. It is wielding a +0 war axe.
The orc shouts!
You block the orc's attack.
Things that are here:
a +0 short sword; a brown potion You hit the orc but do no damage.
The orc barely misses you.
You closely miss the orc. The orc barely misses you.
You closely miss the orc. The orc barely misses you.
You slash the orc!
You kill the orc!
An orc warrior comes into view. It is wielding a +0 halberd.
The orc warrior unwields a +0 halberd.
The orc warrior wields a +0 arbalest.
The orc warrior shoots a bolt.
The bolt hits you!
You barely miss the orc.
An orc warrior comes into view. It is wielding a +0 war axe.
The orc barely misses you.
The orc warrior shoots a bolt.
The bolt hits you!
You hit the orc.
The orc is severely wounded.
The orc barely misses you.
The orc warrior shoots a bolt.
The bolt hits you!
You are too injured to fight recklessly!
You barely miss the orc.
The orc is severely wounded.
The orc hits you with a +0 war axe.
An orc comes into view. It is wielding a +0 short sword.
You block the orc's attack.
The orc shouts!
You hit the orc.
You kill the orc!
You hear a shout!
An orc wizard comes into view. It is wielding a +0 dagger.
You feel very mighty all of a sudden.
The orc warrior hits you but does no damage.
Unknown command.
You hit the orc warrior but do no damage.
The orc warrior shoots a bolt.
The bolt hits you!
The orc warrior hits you with a +0 war axe!
* * * LOW HITPOINT WARNING * * *
The orc warrior shoots a bolt.
The bolt hits you!!
You die...

.. ... , #.##### , > ..
#.o,* ##...... ,, #. #..
#......# , #.##.. * *
#.....# * ## #.#.o
*#.....# ,
...###.#.##########......
##.....))...............#
.......)..)).### *#.....
......#)@...#### #..).. ,
.......oo......## #....)
,* ..###.∩.######..#
#...). . #...# ##.#
##....) , *#.#.# #.#
#.###.. , ,....o#
#.###.....# #####..
##..#....... , ,
...,,,,#........... *#.#
........#.....#


You could see 2 orc warriors, an orc wizard and an orc.

Vanquished Creatures
  Edmund (D:4)
  An ogre (D:5)
  Blork the orc (D:4)
  A scorpion (D:5)
  A howler monkey (D:5)
  2 hounds (D:4)
  3 orc priests
  An iguana (D:5)
  An orc wizard (D:5)
  3 gnolls (D:4)
  7 adders
  An ufetubus (D:5)
  A worm (D:2)
  3 dart slugs
  11 orcs
  5 bats
  10 endoplasms
  A giant cockroach (D:3)
  4 goblins
  3 hobgoblins
  4 jackals (D:3)
  A quokka (D:1)
  10 ball pythons
  4 frilled lizards
  6 kobolds
  6 rats
92 creatures vanquished.

Vanquished Creatures (others)
  An orc wizard (D:5)
  A plant (D:5)
2 creatures vanquished.

Grand Total: 94 creatures vanquished

Notes
Turn   | Place    | Note
-------+----------+-------------------------------------------
     0 | D:1      | Illumine the Meteoran Fighter began the quest for the Orb.
     0 | D:1      | Reached XP level 1. HP: 19/19 MP: 2/2
     8 | D:1      | Found Xapria's General Store.
    26 | D:1      | Found Kaselal's General Store.
    79 | D:1      | Found Agitwaur's Antique Weapon Emporium.
   100 | D:1      | Reached XP level 2. HP: 25/26 MP: 3/3
   154 | D:1      | Reached skill level 3 in Axes
   363 | D:2      | Reached XP level 3. HP: 21/31 MP: 4/4
   413 | D:2      | Reached XP level 4. HP: 22/40 MP: 5/5
   504 | D:2      | Found a faded altar of an unknown god.
   518 | D:2      | Reached skill level 4 in Axes
   649 | D:2      | Reached XP level 5. HP: 46/46 MP: 6/6
  1315 | D:4      | Reached skill level 5 in Axes
  1315 | D:4      | Reached XP level 6. HP: 43/53 MP: 7/7
  1454 | D:4      | Found a sparkling altar of Nemelex Xobeh.
  1472 | D:4      | Noticed Blork the orc
  1478 | D:4      | Killed Blork the orc
  1487 | D:4      | Noticed Edmund
  1493 | D:4      | Killed Edmund
  1494 | D:4      | Reached skill level 5 in Fighting
  1494 | D:4      | Reached skill level 6 in Axes
  1494 | D:4      | Reached skill level 5 in Armour
  1494 | D:4      | Reached XP level 7. HP: 60/61 MP: 8/8
  1506 | D:4      | Got Yrautyth's Almanac of Guile and the Snowflakes
  1556 | D:4      | Identified the +3 falchion "Iwaqozuwetz" {spect, rElec
                  | rF+++ rC++ Str-2}
  1665 | D:5      | Entered Level 5 of the Dungeon
  1716 | D:5      | Reached skill level 7 in Axes
  1716 | D:5      | Reached XP level 8. HP: 48/69 MP: 9/9
  1769 | D:5      | Found Wievilyerch's Antique Armour Shop.
  1806 | D:5      | Shot with a bolt by an orc warrior

Illustrated notes

Levels and vault maps discovered:
D:1:      roderic_crossed_star, layout_loops_ring, serial_shops,
          nicolae_shop_behind_doors, nicolae_diamond_shop, nicolae_shop_trees,
          shop, nicolae_shop_waterfront, serial_forest,
          infiniplex_forest_clump_long, infiniplex_forest_clump_tiny,
          infiniplex_forest_straight_2, infiniplex_forest_zigzag_1,
          infiniplex_forest_lined_3, infiniplex_forest_straight_4,
          infiniplex_forest_straight_2, infiniplex_forest_diagonal,
          infiniplex_forest_corner_2
D:2:      layout_basic, serial_curves, eino_curves_03, eino_curves_03,
          serial_shops, nicolae_square_shop, nicolae_ecumenical_snake_handling,
          minmay_tetromino_s2
D:3:      layout_basic
D:4:      layout_loops_cross, nemelex_diamond_rough_becter,
          kennysheep_generic_room_8, uniq_edmund, uniq_blork_the_orc
D:5:      nicolae_cairo_tiling_large_dashed, layout_basic,
          minmay_temple_entry_purple_smoke, serial_shops, nicolae_shop_stone,
          serial_bayou_ford_a, guppyfry_early_orc_mine, uniq_crazy_yiuf_cottage

Skill      XL: |  1  2  3  4  5  6  7 |
---------------+----------------------+-----
Axes           | 3 4 5 6 7 |  7.5
Shields        | 4 |  4.0
Armour         | 4 5 |  5.9
Fighting       | 4 5 |  5.7

Action                   |  1- 3 |  4- 6 |  7- 9 || total
-------------------------+-------+-------+-------++-------
Melee: War axe           |    56 |   134 |    96 ||   286
  Use: Potion            |       |     1 |     1 ||     2
Armor: Scale mail        |    37 |    95 |    49 ||   181
Dodge: Dodged            |    26 |    62 |    40 ||   128
Block: Buckler           |    16 |    36 |    21 ||    73

Table legend: (Time is in decaauts)
 A = Elapsed time spent in this place.
 B = Non-inter-level travel time spent in this place.
 C = Inter-level travel time spent in this place.
 D = Time resting spent in this place.
 E = Time spent auto-exploring this place.
 F = Levels seen in this place.
 G = Mean time per level.
                   A        B        C        D        E       F      G
               +--------+--------+--------+--------+--------+-----+--------+
         Total |   1888 |   1731 |    157 |     15 |   1060 |   5 |  377.6 |
       Dungeon |   1888 |   1731 |    157 |     15 |   1060 |   5 |  377.6 |
               +--------+--------+--------+--------+--------+-----+--------+

Top non-repeatable levels by time:
     D:3: 512 daAuts
     D:4: 449 daAuts
     D:2: 443 daAuts
     D:1: 329 daAuts
     D:5: 154 daAuts
